 Dungeon Crawl Stone Soup version 0.23.1 (webtiles) character file.

Game seed: 0

198268 Omnicron the Tortoise (level 18, -10/172 HPs)
             Began as a Hill Orc Monk on Mar 11, 2019.
             Was the Champion of Beogh.
             Killed by divine providence
             ... invoked by a meliai
              (13 damage)
             ... on level 2 of the Shoals on Mar 15, 2019.
             The game lasted 05:23:27 (48365 turns).

Omnicron the Tortoise (Hill Orc Monk)              Turns: 48365, Time: 05:23:27

Health: -10/172    AC: 27    Str: 25    XL:     18   Next: 43%
Magic:  26/26      EV:  9    Int: 10    God:    Beogh [******]
Gold:   2711       SH: 16    Dex: 15    Spells: 17/17 levels left

rFire    + . .     SeeInvis .   E - +1 war axe "Rulomafa" {freeze, rPois Str+3}
rCold    . . .     Gourm    .   W - +2 shield {rPois}
rNeg     . . .     Faith    .   q - +0 plate armour {rF+}
rPois    +         Spirit   .   k - +1 helmet
rElec    .         Reflect  .   w - scarf {repulsion}
rCorr    +         Harm     .   i - +1 pair of gloves
MR       ++...                  X - +1 pair of boots
Stlth    ..........             L - amulet of rage
HPRegen  0.38/turn              d - ring of resist corrosion
MPRegen  0.20/turn              K - +4 ring of dexterity

@: very slightly contaminated, repel missiles
A: walk on water, claws 1, clumsy 1, magic resistance 1, sense surroundings 1
}: 1/15 runes: serpentine
a: Smiting, Recall Orcish Followers, Give Item to Named Follower, Resurrection,
Renounce Religion, Evoke Berserk Rage


You were on level 2 of the Shoals.
You worshipped Beogh.
Beogh was exalted by your worship.
You were not hungry.

You visited 5 branches of the dungeon, and saw 30 of its levels.
You also visited: Bailey and Volcano.

You collected 2933 gold pieces.
You spent 222 gold pieces at shops.

Inventory:

Hand Weapons
 E - the +1 war axe "Rulomafa" (weapon) {freeze, rPois Str+3}
   (You found it on level 5 of the Dungeon)

   It has been specially enchanted to freeze those struck by it, causing extra
   injury to most foes and up to half again as much damage against particularly
   susceptible opponents.
   It can also slow down cold-blooded creatures.
   It affects your strength (+3).
   It protects you from poison.
 H - a +1 broad axe of chopping
 Z - a +0 flail of crushing
Armour
 i - a +1 pair of gloves (worn)
 k - a +1 helmet (worn)
 q - a +0 plate armour of fire resistance (worn)
 s - a +0 cloak of fire resistance
 w - a scarf of repulsion (worn)
 W - a +2 shield of poison resistance (worn)
 X - a +1 pair of boots (worn)
Jewellery
 d - a ring of resist corrosion (left hand)
 r - an uncursed ring of flight
 v - an uncursed ring of positive energy
 D - an uncursed ring of protection from fire
 I - a +3 ring of evasion
 K - a +4 ring of dexterity (right hand)
 L - an amulet of rage (around neck)
 U - an uncursed ring of poison resistance
Wands
 h - a wand of acid (9)
 p - a wand of polymorph (11)
 y - a wand of enslavement (32)
 A - a wand of iceblast (25)
 G - a wand of flame (42)
 T - a wand of paralysis (20)
 V - a wand of digging (11)
Scrolls
 a - a scroll of silence
 e - 4 scrolls of magic mapping
 j - 8 scrolls of identify
 m - 5 scrolls of blinking
 o - 6 scrolls of teleportation
 z - 9 scrolls of enchant armour
 J - 3 scrolls of holy word
 M - 6 scrolls of amnesia
 N - 8 scrolls of remove curse
 O - 2 scrolls of acquirement
 Q - 2 scrolls of summoning
 R - 5 scrolls of enchant weapon
 Y - 2 scrolls of fear
Potions
 b - 3 potions of brilliance
 f - 4 potions of resistance
 g - 7 potions of flight
 l - 4 potions of lignification
 t - 4 potions of cancellation
 u - 5 potions of agility
 B - 13 potions of curing
 C - 3 potions of haste
 F - 3 potions of invisibility
 P - a potion of berserk rage
 S - 6 potions of might
Comestibles
 c - 27 rations
 x - 7 chunks of flesh


   Skills:
 * Level 18.0 Fighting
 - Level 18.4(18.5) Axes
 + Level 1.7(10.8) Maces & Flails
 * Level 19.2 Armour
 - Level 2.4 Dodging
 - Level 1.5 Stealth
 + Level 12.9 Shields
 * Level 11.1 Invocations


You had 17 spell levels left.
You didn't know any spells.
Your spell library contained the following spells:

 Spells                   Type           Power        Failure   Level  Hunger
 Animate Skeleton         Necr           N/A          95%         1    ##.....
 Apportation              Tloc           #.....       95%         1    ##.....
 Confusing Touch          Hex            #.....       95%         1    ##.....
 Corona                   Hex            #......      95%         1    ##.....
 Flame Tongue             Conj/Fire      #....        95%         1    ##.....
 Freeze                   Ice            #...         95%         1    ##.....
 Infusion                 Chrm           #...         95%         1    ##.....
 Sandblast                Erth           #.....       95%         1    ##.....
 Sting                    Conj/Pois      #...         95%         1    ##.....
 Summon Butterflies       Summ           #.......     95%         1    ##.....
 Summon Small Mammal      Summ           #...         95%         1    ##.....
 Corpse Rot               Necr           N/A          99%         2    ###....
 Ensorcelled Hibernation  Hex/Ice        #.....       99%         2    ###....
 Poisonous Vapours        Pois/Air       #.....       99%         2    ###....
 Shroud of Golubria       Chrm/Tloc      #.........   99%         2    ###....
 Song of Slaying          Chrm           #.......     99%         2    ###....
 Sublimation of Blood     Necr           #.........   99%         2    ###....
 Throw Flame              Conj/Fire      #.....       99%         2    ###....
 Throw Frost              Conj/Ice       #.....       99%         2    ###....
 Call Canine Familiar     Summ           #.......     100%        3    ####...
 Confuse                  Hex            #.......     100%        3    ####...
 Conjure Flame            Conj/Fire      #.......     100%        3    ####...
 Dazzling Spray           Conj/Hex       #.....       100%        3    ####...
 Inner Flame              Hex/Fire       #.......     100%        3    ####...
 Mephitic Cloud           Conj/Pois/Air  #.......     100%        3    ####...
 Ozocubu's Armour         Chrm/Ice       #.......     100%        3    ####...
 Regeneration             Chrm/Necr      #.........   100%        3    ####...
 Spectral Weapon          Hex/Chrm       #.......     100%        3    ####...
 Spider Form              Tmut/Pois      #.........   100%        3    ####...
 Tukima's Dance           Hex            #.......     100%        3    ####...
 Olgreb's Toxic Radiance  Pois           #.......     100%        4    #####..
 Petrify                  Tmut/Erth      #.......     100%        4    #####..
 Sticky Flame             Conj/Fire      #.......     100%        4    #####..
 Summon Ice Beast         Ice/Summ       #.......     100%        4    #####..
 Throw Icicle             Conj/Ice       #.......     100%        4    #####..
 Agony                    Necr           #.......     100%        5    ######.
 Alistair's Intoxication  Tmut/Pois      #.......     100%        5    ######.
 Bolt of Draining         Conj/Necr      #.........   100%        5    ######.
 Dispel Undead            Necr           #.......     100%        5    ######.
 Excruciating Wounds      Chrm/Necr      #.........   100%        5    ######.
 Fireball                 Conj/Fire      #.........   100%        5    ######.
 Summon Mana Viper        Hex/Summ       #.......     100%        5    ######.
 Venom Bolt               Conj/Pois      #.........   100%        5    ######.
 Freezing Cloud           Conj/Ice/Air   #.........   100%        6    #######
 Statue Form              Tmut/Erth      #........    100%        6    #######
 Ring of Flames           Chrm/Fire      #.........   100%        7    #######
 Summon Hydra             Summ           #.........   100%        7    #######


Dungeon Overview and Level Annotations

Branches:
Dungeon (15/15)            Temple (0/1) D:4            Lair (6/6) D:8
 Shoals (3/4) Lair:4        Snake (4/4) Lair:4        Slime (0/5) Lair:5
    Orc (2/2) D:10            Elf (0/3) Orc:2        Vaults (0/5) D:14
 Depths (0/5) D:15

Altars:
Ashenzari
Cheibriados
Kikubaaqudgha
Nemelex Xobeh
Okawaru
Qazlal
Vehumet
Xom
Yredelemnul
Zin
The Shining One
Jiyva

Shops:
D:10 [(   D:11 *   Orc:2 ::*[

Annotations:
D:6 2 runed translucent doors, stillor's ghost, novice DsWz
Lair:6 1 runed translucent door
Snake:1 1 runed translucent door, P0WERM0DE's ghost, journeyman DDFi
Snake:3 3 runed translucent doors, Yrghoe Jijamo's ghost, adept DrCj
Snake:4 1 exclusion


Innate Abilities, Weirdness & Mutations

You can walk on water.
You have sharp fingernails.
You are clumsy. (Dex -2)
You are resistant to hostile enchantments. (MR+)
You passively map a small area around you.


Message History

Something smites you!
* * * LOW HITPOINT WARNING * * *
You block the meliai's attack. The meliai barely misses you.
You hit the meliai. You freeze the meliai.
The meliai is severely wounded.
The meliai mumbles some strange prayers to its god against you.
Something smites you!
* * * LOW HITPOINT WARNING * * *
Press: ? - help, v - describe, . - travel The floor.
Blink to where?
Press: ? - help, Dir - move target cursor You are very lightly contaminated with residual magic.
As you read the scroll of blinking, it crumbles to dust.
The meliai mumbles some strange prayers to its god against you.
Something smites you!
* * * LOW HITPOINT WARNING * * *
The meliai calls down the wrath of its god upon you.
Something smites you!
You die...

≈≈≈≈≈≈≈≈≈≈.P....P....≈≈≈≈≈≈≈...≈≈
≈≈≈≈≈≈≈≈≈≈..)##..≈≈≈≈≈≈≈≈≈≈≈..≈≈≈
≈≈≈≈≈≈≈≈≈≈<.###.≈≈≈≈≈≈≈≈≈≈≈≈≈≈≈≈≈
≈≈≈≈≈≈≈.≈(≈..##.≈≈≈≈≈≈≈≈≈≈≈≈≈≈≈≈≈
≈≈≈≈≈≈≈≈≈((..#...≈≈≈≈≈≈≈≈≈≈≈≈≈≈≈≈
≈≈≈≈≈≈≈≈≈≈≈≈(..)≈.≈≈≈≈≈≈≈≈≈≈≈≈≈≈≈
≈≈≈≈≈≈≈.≈.....≈≈≈<≈≈≈≈≈≈≈≈≈≈...≈≈
≈≈≈≈≈≈≈......≈≈≈≈≈≈≈≈≈≈≈≈≈≈.....≈
≈≈≈≈≈≈≈...#....≈@≈≈≈≈≈≈≈≈≈..###..
≈≈≈≈≈≈≈≈.#####.≈≈≈≈≈≈≈≈≈....# #..
≈≈≈≈≈≈≈≈.### ##.≈≈≈≈≈≈≈.....# #..
≈≈≈≈≈≈≈≈≈≈.###...≈≈≈≈≈..#######..
≈≈≈≈≈≈≈≈≈≈≈..≈..≈≈≈≈≈≈.## #...#
≈≈≈≈≈≈≈≈≈≈≈≈≈≈≈≈≈≈≈≈≈≈.# #.≈.#
≈≈≈≈≈≈≈≈≈≈≈≈≈≈:..≈≈≈≈.## ##.≈≈.
≈≈≈≈≈≈≈≈≈...≈y.#...≈.## #..≈≈≈
≈≈≈≈≈≈≈≈≈≈...........# ##.≈≈≈≈


You could see a meliai.

Vanquished Creatures
  Kirke (Shoals:3)
  Ilsuiw (Shoals:3)
  4 nagarajas (Snake:4)
  A dire elephant (Lair:6)
  Josephine (D:12)
  Snorg (Orc:1)
  2 merfolk impalers
  A yaktaur captain (D:15)
  Erolcha (D:11)
  4 naga warriors
  A hydra (D:13)
  4 anacondas
  8 centaur warriors
  A satyr (Shoals:2)
  A merfolk avatar (Shoals:1)
  4 merfolk aquamancers
  8 two-headed ogres
  A death yak (Lair:6)
  4 naga sharpshooters
  A hell knight (Volcano)
  2 sea snakes
  A salamander mystic (Snake:3)
  2 unseen horrors
  2 lindwurms (Lair:6)
  4 naga ritualists
  An orc knight (Orc:1)
  Pikel (D:8)
  9 mana vipers
  A necromancer (D:14)
  4 manticores
  5 harpies (Shoals:1)
  6 ugly things
  An orc sorcerer (Orc:1)
  2 cyclopes
  3 fauns
  A salamander (Snake:2)
  2 merfolk sirens
  5 centaur zombies
  23 black mambas
  4 elephants
  A guardian serpent (shapeshifter) (D:13)
  11 naga magi
  Maurice (D:13)
  2 water nymphs
  3 torpor snails (Lair:6)
  5 spiny frogs
  A gargoyle (D:14)
  A kobold demonologist (D:15)
  A komodo dragon (Lair:4)
  2 yaktaurs
  A tengu conjurer (D:13)
  A tyrant leech (Lair:6)
  2 merfolk (Shoals:2)
  A guardian mummy (D:14)
  A wind drake (Shoals:2)
  4 hornets (Lair:6)
  5 trolls
  7 blink frogs
  A slime creature (D:14)
  4 dream sheep
  A meliai zombie (D:15)
  3 snapping turtles
  9 hippogriffs
  A centaur simulacrum (D:14)
  6 wyverns
  A wraith (D:12)
  4 vampires
  13 yaks
  A basilisk (Lair:5)
  9 water elementals
  6 hogs (Shoals:3)
  A hungry ghost (D:6)
  3 vampire mosquitoes (D:12)
  2 soldier ants
  16 nagas
  8 porcupines
  5 water moccasins
  An orc warrior (Orc:2)
  2 ice beasts
  2 black bears
  2 sky beasts
  An eye of draining (D:8)
  4 necrophages
  11 ogres
  2 boggarts (D:15)
  A wolf (Lair:6)
  8 crocodiles
  A big kobold (D:15)
  14 centaurs
  A gnoll sergeant (D:5)
  12 bullfrogs
  4 scorpions
  11 killer bees
  3 howler monkeys
  4 crimson imps
  A quasit (D:13)
  3 bullfrog skeletons
  8 hounds
  3 orc priests
  A centaur skeleton (D:5)
  A jelly (D:5)
  9 orc wizards
  Ijyb (D:5)
  4 iguanas
  8 worker ants
  A hound zombie (D:9)
  Robin (D:4)
  A worker ant zombie (D:7)
  4 gnolls
  13 adders
  2 shadow imps
  2 oozes
  3 adder skeletons
  2 worms (D:3)
  4 dart slugs
  8 leopard geckos
  43 orcs
  5 giant cockroaches
  16 goblins
  13 hobgoblins
  8 jackals
  5 quokkas
  A ball python (D:7)
  4 bats
  10 frilled lizards
  20 kobolds
  A leopard gecko skeleton (D:7)
  10 rats
  6 fungi
  9 plants
588 creatures vanquished.

Vanquished Creatures (collateral kills)
  Bai Suzhen (Snake:3)
  Vashnia (Snake:2)
  4 nagarajas (Snake:4)
  Roxanne (Shoals:2)
  Aizul (Snake:2)
  Nessos (Lair:4)
  A dire elephant (Lair:6)
  A merfolk impaler (Shoals:3)
  2 ogre magi (Orc:2)
  6 hydras
  6 naga warriors
  14 anacondas
  A centaur warrior (D:11)
  8 two-headed ogres
  2 death yaks (Lair:6)
  5 naga sharpshooters
  Sonja (Lair:2)
  4 shock serpents
  5 skeletal warriors (D:14)
  A salamander mystic (Snake:4)
  3 sea snakes
  An unseen horror (D:15)
  2 deep trolls (Orc:2)
  A lindwurm (Lair:6)
  11 naga ritualists
  2 orc knights (Bailey)
  A faun (Shoals:3)
  3 harpies (Shoals:1)
  7 mana vipers
  2 deep elf magi
  2 manticores
  3 salamanders
  4 cyclopes
  5 ugly things (D:14)
  2 centaur zombies (D:14)
  25 black mambas
  3 torpor snails (Lair:6)
  4 merfolk sirens
  14 naga magi
  2 guardian serpents
  A gargoyle (D:10)
  8 elephants
  6 spiny frogs
  A kobold demonologist (D:15)
  5 rime drakes
  A komodo dragon (Lair:5)
  3 tyrant leeches (Lair:6)
  7 merfolk
  6 trolls
  A harpy skeleton (D:15)
  A meliai (Shoals:3)
  6 hornets
  A snapping turtle (Shoals:3)
  A dream sheep (Shoals:1)
  A wind drake (Shoals:1)
  13 blink frogs
  4 hippogriffs
  A meliai zombie (D:13)
  5 water elementals
  3 wraiths
  23 yaks
  A basilisk (Lair:6)
  A hungry ghost (D:12)
  21 nagas
  6 water moccasins
  14 orc warriors
  4 porcupines
  An ice beast (D:12)
  A slave (D:8)
  An eye of draining (D:9)
  3 boggarts (D:15)
  13 ogres
  7 centaurs
  2 wolves (Lair:6)
  8 crocodiles
  A big kobold (D:9)
  11 bullfrogs
  2 wyvern skeletons
  A wyvern zombie (D:14)
  A scorpion (D:9)
  5 killer bees (D:13)
  2 howler monkeys
  2 crimson imps
  3 hounds
  2 jellies
  3 orc wizards
  An orc priest (D:11)
  A bullfrog skeleton (D:8)
  An iguana (D:8)
  2 worker ants
  2 adders
  2 shadow imps
  12 orcs
  A hobgoblin (D:9)
  7 bushes (D:14)
  54 fungi
  49 plants
509 creatures vanquished.

Vanquished Creatures (others)
  An orc warlord (Snake:4)
  13 orc knights
  An unseen horror (D:15)
  2 orc sorcerers (Snake:1)
  A naga mage (Snake:3)
  10 orc warriors
  36 orcs
  5 orc priests
  7 orc wizards
  2 goblins (D:8)
  A jackal (D:4)
  23 fungi
  8 plants
  3 withered plants
113 creatures vanquished.

Grand Total: 1210 creatures vanquished

Notes
Turn   | Place    | Note
-------+----------+-------------------------------------------
     0 | D:1      | Omnicron the Hill Orc Monk began the quest for the Orb.
     0 | D:1      | Reached XP level 1. HP: 19/19 MP: 1/1
    53 | D:1      | Reached XP level 2. HP: 27/27 MP: 2/2
   614 | D:1      | Reached XP level 3. HP: 33/33 MP: 3/3
   622 | D:1      | Reached skill level 1 in Armour
   827 | D:1      | Reached skill level 5 in Axes
  1105 | D:1      | HP: 1/33 [poisoned by an adder]
  1562 | D:2      | Reached XP level 4. HP: 39/40 MP: 4/4
  2128 | D:3      | Reached XP level 5. HP: 45/46 MP: 5/5
  2375 | D:3      | Reached skill level 2 in Armour
  3217 | D:2      | Reached XP level 6. HP: 53/53 MP: 6/6
  3584 | D:4      | Noticed Robin
  3608 | D:4      | Killed Robin
  3692 | D:4      | Found a shattered altar of Ashenzari.
  3838 | D:4      | Became a worshipper of Beogh the Brigand
  3838 | D:4      | Reached * piety under Beogh
  3838 | D:4      | Reached ** piety under Beogh
  4026 | D:4      | Found a staircase to the Ecumenical Temple.
  4085 | D:4      | Reached skill level 3 in Armour
  4322 | D:4      | Reached XP level 7. HP: 57/60 MP: 7/7
  4337 | D:4      | Got a steaming long sword
  4421 | D:4      | Reached skill level 1 in Shields
  4723 | D:5      | Entered Level 5 of the Dungeon
  4829 | D:5      | Reached skill level 5 in Fighting
  5031 | D:5      | Got a polished war axe
  5032 | D:5      | Identified the cursed +1 war axe "Rulomafa" {freeze, rPois
                  | Str+3} (You found it on level 5 of the Dungeon)
  5971 | D:5      | Noticed Ijyb
  5979 | D:5      | Killed Ijyb
  5979 | D:5      | Reached skill level 4 in Armour
  6115 | D:6      | Reached XP level 8. HP: 52/68 MP: 8/8
  6294 | D:6      | Reached skill level 10 in Axes
  6496 | D:6      | Reached *** piety under Beogh
  6794 | D:6      | Found a large runed translucent door.
  6797 | D:6      | Found a large runed translucent door.
  6823 | D:6      | Found a basalt altar of Yredelemnul.
  6823 | D:6      | Found a glowing silver altar of Zin.
  6824 | D:6      | Found a shimmering altar of Xom.
  6877 | D:6      | You fall through a shaft!
  6890 | D:7      | Reached skill level 5 in Armour
  7301 | D:7      | Found a stormy altar of Qazlal.
  7588 | D:6      | Noticed stillor's ghost (novice DsWz)
  7727 | D:7      | Reached XP level 9. HP: 75/75 MP: 9/9
  7801 | D:7      | Reached skill level 6 in Armour
  8513 | D:8      | Found a staircase to the Lair.
  8527 | D:8      | Reached skill level 7 in Armour
  8674 | D:8      | Reached **** piety under Beogh
  8683 | D:8      | Noticed Pikel
  8695 | D:8      | Killed Pikel
  8697 | D:8      | Gained Bogward as an ally
  8705 | D:8      | Found a flagged portal.
  8717 | Bailey   | Entered a bailey
  8995 | Bailey   | Reached XP level 10. HP: 84/84 MP: 10/10
  8998 | Bailey   | Reached skill level 8 in Armour
  9151 | Bailey   | Noticed an orc knight
  9151 | Bailey   | Noticed an orc knight
  9151 | Bailey   | Noticed an orc knight
  9159 | Bailey   | Killed an orc knight
  9161 | Bailey   | Killed an orc knight
 10326 | D:8      | Found a snail-covered altar of Cheibriados.
 10326 | D:8      | Noticed a two-headed ogre
 10334 | D:8      | Killed a two-headed ogre
 10334 | D:8      | Reached skill level 9 in Armour
 10644 | Lair:1   | Entered Level 1 of the Lair of Beasts
 11319 | Lair:1   | Noticed a black mamba
 11323 | Lair:1   | Killed a black mamba
 11552 | Lair:1   | Noticed a spiny frog
 11557 | Lair:1   | Killed a spiny frog
 12112 | Lair:2   | You fall through a shaft for 2 floors!
 12133 | Lair:4   | Noticed a black mamba
 12174 | Lair:4   | Noticed Nessos
 12215 | Lair:4   | Killed Nessos
 12215 | Lair:4   | Reached skill level 15 in Axes
 12215 | Lair:4   | Reached skill level 10 in Armour
 12215 | Lair:4   | Reached XP level 11. HP: 31/94 MP: 11/11
 13389 | Lair:2   | Reached skill level 11 in Armour
 13440 | Lair:2   | Reached ***** piety under Beogh
 13621 | Lair:2   | Noticed a seven-headed hydra
 13622 | Lair:2   | Identified the +6 long sword of Dissolution {slice, Fragile
                  | MR++} (You found it on level 4 of the Dungeon)
 13631 | Lair:2   | Killed a seven-headed hydra
 13989 | Lair:2   | Noticed Sonja
 13993 | Lair:2   | Killed Sonja
 15264 | Lair:4   | Found a staircase to the Snake Pit.
 15531 | Lair:4   | Reached skill level 12 in Armour
 15555 | Lair:4   | Reached XP level 12. HP: 103/103 MP: 12/12
 15557 | Lair:4   | Noticed a four-headed hydra
 15561 | Lair:4   | Killed a five-headed hydra
 15691 | Lair:4   | Found a staircase to the Shoals.
 16439 | Lair:5   | Reached skill level 5 in Shields
 16484 | Lair:5   | Noticed an eight-headed hydra
 16492 | Lair:5   | Killed a nine-headed hydra
 16591 | Lair:5   | Found a dark tunnel.
 16608 | Volcano  | Entered a volcano
 16682 | Volcano  | Noticed a centaur warrior
 16688 | Volcano  | Killed a centaur warrior
 16688 | Volcano  | Reached skill level 13 in Armour
 16934 | Lair:5   | Found a viscous altar of Jiyva.
 16934 | Lair:5   | Found a staircase to the Slime Pits.
 17531 | Lair:6   | Entered Level 6 of the Lair of Beasts
 17706 | Lair:6   | Gained Arkwar as an ally
 17875 | Lair:6   | Identified 3 scrolls of acquirement
 17877 | Lair:6   | Gained mutation: You passively map a small area around you.
                  | [potion of mutation]
 17877 | Lair:6   | Gained mutation: You are clumsy. (Dex -2) [potion of
                  | mutation]
 17877 | Lair:6   | Gained mutation: You are resistant to hostile enchantments.
                  | (MR+) [potion of mutation]
 17877 | Lair:6   | Gained mutation: You have sharp fingernails. [potion of
                  | mutation]
 17925 | Lair:6   | Gained Bladwarg as an ally
 17929 | Lair:6   | Reached XP level 13. HP: 110/113 MP: 13/13
 17938 | Lair:6   | Reached skill level 10 in Fighting
 18295 | Lair:6   | Found a runed translucent door.
 18295 | Lair:6   | Noticed an ice dragon
 18345 | Lair:6   | Reached skill level 14 in Armour
 18346 | Lair:6   | Gained Borgoth as an ally
 18420 | Lair:6   | Reached ****** piety under Beogh
 19607 | Lair:6   | Noticed a dire elephant
 19615 | Lair:6   | Killed a dire elephant
 19746 | Lair:6   | Noticed a dire elephant
 19751 | Lair:6   | Killed a dire elephant
 20548 | D:9      | Found an ancient bone altar of Kikubaaqudgha.
 20799 | D:9      | Found a radiant altar of Vehumet.
 20876 | D:9      | Reached skill level 1 in Invocations
 21108 | D:9      | Found a glowing golden altar of the Shining One.
 21514 | D:9      | Found an iron altar of Okawaru.
 21570 | D:10     | Entered Level 10 of the Dungeon
 22373 | D:10     | Found Topnias's Weapon Shoppe.
 22374 | D:10     | Found a staircase to the Orcish Mines.
 22374 | D:10     | Found Ofooqen's Armour Shoppe.
 22377 | D:10     | Gained Norbak as an ally
 22382 | D:10     | Gained Bladwarg as an ally
 22395 | D:10     | Bought a +2 shield of poison resistance for 222 gold pieces
 23361 | Orc:1    | Entered Level 1 of the Orcish Mines
 23385 | Orc:1    | Gained Bogwik as an ally
 23512 | Orc:1    | Noticed Snorg
 23518 | Orc:1    | Reached XP level 14. HP: 123/124 MP: 14/16
 23524 | Orc:1    | Killed Snorg
 23527 | Orc:1    | Reached skill level 15 in Armour
 24165 | Orc:2    | Entered Level 2 of the Orcish Mines
 24174 | Orc:2    | Found a staircase to the Elven Halls.
 24288 | Orc:2    | Found Ogam's Book Emporium.
 24294 | Orc:2    | Your ally Norbak died
 24296 | Orc:2    | Your ally Arkwar died
 24297 | Orc:2    | Found Cynkih's Armour Emporium.
 24298 | Orc:2    | Your ally Bladwarg died
 24339 | Orc:2    | Found Jeceritula's Book Shop.
 24644 | Orc:2    | Found Vup Wong's Assorted Antiques.
 25788 | D:11     | Noticed Erolcha
 25797 | D:11     | Killed Erolcha
 26658 | D:11     | Gained Boderik as an ally
 26875 | D:11     | Found Aximut's General Store.
 27087 | D:11     | Reached skill level 5 in Invocations
 27207 | D:12     | Noticed Josephine
 27220 | D:12     | Killed Josephine
 27526 | D:12     | Got a vibrating tin ring
 27528 | D:12     | Identified the ring "Riliatz" {+Inv +Fly rC- Str+3 Int+3}
                  | (You found it on level 12 of the Dungeon)
 28096 | D:13     | Gained Garbold as an ally
 28978 | D:13     | Gained Warbeogh as an ally
 29062 | D:13     | Reached skill level 16 in Armour
 29587 | D:13     | Reached XP level 15. HP: 138/138 MP: 17/19
 30142 | D:13     | Noticed Maurice
 30145 | D:13     | Killed Maurice
 30600 | D:14     | Reached XP level 16. HP: 146/146 MP: 20/20
 30926 | D:14     | Reached skill level 1 in Maces & Flails
 31256 | D:14     | Found a gate to the Vaults.
 31267 | D:14     | Reached skill level 10 in Shields
 31380 | D:14     | Gained Arkwar as an ally
 32033 | D:15     | Entered Level 15 of the Dungeon
 33608 | D:15     | Found a sparkling altar of Nemelex Xobeh.
 34581 | D:15     | Found a staircase to the Depths.
 34586 | D:15     | Reached skill level 15 in Fighting
 34586 | D:15     | Reached skill level 17 in Armour
 35267 | Snake:1  | Entered Level 1 of the Snake Pit
 35386 | Snake:1  | Found a runed translucent door.
 35391 | Snake:1  | Noticed P0WERM0DE's ghost (journeyman DDFi)
 35622 | Snake:1  | Gained Bogfrid as an ally
 35659 | Snake:1  | Your ally Bogfrid died
 36427 | Snake:2  | Your ally Garbold died
 36623 | Snake:2  | Noticed Aizul
 36636 | Snake:2  | Your ally Arkwar died
 36636 | Snake:2  | Killed Aizul
 36686 | Snake:2  | Noticed Vashnia
 36702 | Snake:2  | Killed Vashnia
 36706 | Snake:2  | Gained Boghold as an ally
 36716 | Snake:2  | HP: 7/150 [naga sharpshooter/bolt[Vashnia] (17)]
 37577 | Snake:2  | Your ally Bogward died
 37584 | Snake:2  | Identified the Volume of the Mountains and Venom
 38544 | Snake:3  | Reached XP level 17. HP: 155/158 MP: 23/23
 38555 | Snake:3  | Noticed Bai Suzhen
 38558 | Snake:3  | Your ally Bogwik died
 38562 | Snake:3  | Your ally Arkwar died
 38563 | Snake:3  | Killed Bai Suzhen
 39088 | Snake:3  | Found a runed translucent gate.
 39088 | Snake:3  | Found a runed translucent gate.
 39216 | Snake:3  | Found a runed translucent gate.
 39274 | Snake:3  | Your ally Boderik died
 39597 | Snake:3  | Noticed Yrghoe Jijamo's ghost (adept DrCj)
 39658 | Snake:3  | Reached skill level 18 in Armour
 39672 | Snake:3  | Gained Grimold as an ally
 40258 | Snake:4  | Entered Level 4 of the Snake Pit
 41289 | Snake:4  | Your ally Bladwarg died
 41300 | Snake:4  | Your ally Boghold died
 41304 | Snake:4  | Reached skill level 10 in Invocations
 41312 | Snake:4  | Your ally Grimold died
 41319 | Snake:4  | Your ally Borgoth died
 43222 | Snake:4  | Got a serpentine rune of Zot
 43805 | Shoals:1 | Entered Level 1 of the Shoals
 43958 | Shoals:1 | Found a frozen archway.
 43966 | Shoals:1 | Reached XP level 18. HP: 140/170 MP: 25/25
 45855 | Shoals:2 | Reached skill level 19 in Armour
 45937 | Shoals:2 | Noticed Roxanne
 46420 | Shoals:2 | Killed Roxanne
 47348 | Shoals:3 | Noticed Kirke
 47901 | Shoals:3 | Noticed Ilsuiw
 47953 | Shoals:3 | Killed Ilsuiw
 48328 | Shoals:3 | Killed Kirke
 48360 | Shoals:2 | HP: 8/172 [meliai/divine providence (9)]
 48364 | Shoals:2 | HP: 2/172 [meliai/divine providence (9)]
 48365 | Shoals:2 | Killed from afar by a meliai

Skill      XL: |  1  2  3  4  5  6  7  8  9 10 11 12 13 14 15 16 17 18 |
---------------+-------------------------------------------------------+-----
Armour         | 1 2 3 4 5 7 10 12 13 14 16 17 18 19 | 19.2
Fighting       | 4 5 6 7 8 9 11 14 15 17 18 | 18.0
Axes           | 5 6 7 8 9 11 13 15 16 17 18 | 18.4
Shields        | 1 2 3 4 6 7 9 11 12 | 12.9
Invocations    | 2 6 8 10 11 | 11.1
Maces & Flails | 1 |  1.7
Dodging        | |  2.4
Stealth        | |  1.5

Action                   |  1- 3 |  4- 6 |  7- 9 | 10-12 | 13-15 | 16-18 || total
-------------------------+-------+-------+-------+-------+-------+-------++-------
Melee: Hand axe          |   113 |   370 |       |       |       |       ||   483
       War axe           |       |       |   331 |   393 |   339 |  1003 ||  2066
       Broad axe         |       |       |       |       |   257 |       ||   257
       Flail             |       |       |       |       |     8 |       ||     8
       Unarmed           |       |       |       |       |       |     1 ||     1
Throw: Stone             |    33 |    75 |    32 |       |       |       ||   140
Invok: Convert to Beogh  |       |     1 |       |       |       |       ||     1
       Recall Orcish Fol |       |       |       |     1 |     6 |    10 ||    17
       Resurrection      |       |       |       |       |     1 |     1 ||     2
       Give Item to Name |       |       |       |       |     1 |       ||     1
       Smiting           |       |       |       |       |     1 |     5 ||     6
  Use: Scroll            |       |       |    12 |    11 |     8 |    14 ||    45
       Potion            |       |       |     4 |     4 |     1 |     8 ||    17
 Stab: Sleeping          |     4 |       |       |       |       |       ||     4
       Distracted        |       |       |       |     1 |    10 |    23 ||    34
  Eat: Ration            |     1 |       |     4 |     4 |     4 |     9 ||    22
       Chunk             |       |     8 |     6 |    15 |    27 |    24 ||    80
Armor: Robe              |    23 |     2 |       |       |       |       ||    25
       Ring mail         |       |    29 |       |       |       |       ||    29
       Chain mail        |       |   123 |   165 |    20 |       |       ||   308
       Scale mail        |       |     7 |       |       |       |       ||     7
       Skin              |       |       |    24 |     8 |       |       ||    32
       Plate armour      |       |       |       |   182 |   320 |   461 ||   963
Dodge: Dodged            |    72 |   138 |    99 |    95 |   133 |   217 ||   754
       Deflected         |       |       |       |       |     2 |    45 ||    47
Block: Buckler           |       |    27 |    56 |    39 |       |       ||   122
       Shield            |       |       |       |    84 |   324 |   669 ||  1077
